 Dungeon Crawl Stone Soup version 0.30-a0-857-gcaf70739d4 (webtiles) character file.

Game seed: 8953794181332120239

238 demibob the Chopper (level 5, 35/35 HPs)
             Began as a Demonspawn Wanderer on Mar 5, 2023.
             Quit the game on level 2 of the Dungeon.
             The game lasted 00:01:58 (1960 turns).

demibob the Chopper (Demonspawn Wanderer)           Turns: 1960, Time: 00:01:58

Health: 35/35      AC:  3    Str: 13    XL:     5   Next: 78%
Magic:  6/6        EV: 11    Int: 12    God:
Gold:   125        SH:  4    Dex: 15    Spells: 5/6 levels left

rFire   . . .      SeeInvis .    a - +2 hand axe
rCold   . . .      Faith    .    (no shield)
rNeg    . . .      Spirit   .    d - +1 robe
rPois   .          Reflect  .    (no helmet)
rElec   .          Rampage  .    (no cloak)
rCorr   .                        (no gloves)
Will    .....                    (no boots)
Stlth   +                        (no amulet)
HPRegen 0.25/turn                (no ring)
MPRegen 0.10/turn                (no ring)

@: mighty, about to teleport
A: claws 1, spiny 1, condensation shield
a: no special abilities


You were on level 2 of the Dungeon.
You visited 1 branch of the dungeon, and saw 2 of its levels.

You collected 125 gold pieces.


Innate Abilities, Weirdness & Mutations

You have sharp fingernails.
You are partially covered in sharp spines.
A meltable shield of frost defends you. (SH +4)


   Skills:
 + Level 6.5 Axes
 - Level 1.0 Armour
 - Level 1.0 Spellcasting
 - Level 1.7 Air Magic
 - Level 2.0 Evocations


You had 5 spell levels left.
You knew the following spells:

 Your Spells              Type           Power      Damage    Failure   Level
z - Shock                 Conj/Air       8%         1d3       22%         1

Your spell library contained the following spells:

 Spells                   Type           Power      Damage    Failure   Level
 Summon Small Mammal      Summ           0%         N/A       30%         1
 Mephitic Cloud           Conj/Pois/Air  2%         N/A       56%         3
 Call Canine Familiar     Summ           0%         N/A       65%         3
 Summon Guardian Golem    Hex/Summ       0%         N/A       65%         3

Inventory:

Hand Weapons
 a - a +2 hand axe (weapon)
Armour
 d - a +1 robe (worn)
Wands
 b - a wand of flame (4)
Scrolls
 g - a scroll of fear
Potions
 c - 4 potions of curing {@q1}
 f - a potion of magic
 i - 3 potions of heal wounds {@q2}
 k - a potion of haste {@q3}

Dungeon Overview and Level Annotations

Branches:
Dungeon (2/15)

Altars:
Yredelemnul

#........'.........'..........
#.#....###.........##.#...####
#......# ##.......###.#...#
####.### ##.....## #.#.#.# #.#
##...## #.#.#.# #.# ##+##
#.....# #.# #.# ###.###
#.#########.###### #.#
#.##......@......# #.#
#.##.#####.......# #.# #.##.#
#........###.#
#.##.#####.........).#
#......# #.......#####
####.#.###.....>.#
#.#...........#
#.......####### #########


There were no monsters in sight!


Message History

k - a potion of haste
As you read the scroll of identify {@r1}, it crumbles to dust.
f - a potion of magic You feel very mighty all of a sudden.
Sigmund is struck by your spines. Sigmund hits you with a +0 scythe.
You slash Sigmund!
Sigmund is severely wounded.
You barely miss Sigmund.
Sigmund is severely wounded.
You block Sigmund's attack.
You slash Sigmund!
You kill Sigmund!
Your Axes skill increases to level 6!
You have reached level 5!
You feel monstrous as your demonic heritage exerts itself.
Your demonic ancestry asserts itself...
Your fingernails lengthen.
i - 3 potions of heal wounds {@q2} (gained 2)
Things that are here:
a +0 scythe; a +0 robe; the human corpse of Sigmund
Found a stone staircase leading down.
You now have 125 gold pieces (gained 8).
Done exploring.
Done exploring.
As you read the scroll labelled GORCHE TURHOAD, it crumbles to dust.
You assume a fearsome visage.
Nothing appears to happen.
It was a scroll of fear.
As you read the scroll labelled ROT AGEONO, it crumbles to dust.
You feel strangely unstable.
It was a scroll of teleportation.
Are you sure you want to abandon this character and quit the game? (Confirm with "yes".)

Skill      XL: |  1  2  3  4 |
---------------+-------------+-----
Axes           | 4 5 6 |  6.5
Armour         | |  1.0
Spellcasting   | |  1.0
Air Magic      | |  1.7
Evocations     | |  2.0

Action                     |  1- 3 |  4- 6 || total
---------------------------+-------+-------++-------
  Melee: Hand axe          |    94 |     3 ||    97
         Punch             |     3 |       ||     3
    Use: Scroll            |     4 |     4 ||     8
         Potion            |       |     1 ||     1
   Stab: Sleeping          |     7 |       ||     7
 Armour: Robe              |    21 |       ||    21
  Dodge: Dodged            |    35 |       ||    35
  Block: Other             |     7 |     1 ||     8

Levels and vault maps discovered:
D:1:      lightli_arrival_lavapool, layout_loops_corners, minmay_distorted
D:2:      layout_loops_corners, basic_altar, uniq_sigmund

Notes
Turn   | Place    | Note
-------+----------+-------------------------------------------
     0 | D:1      | demibob the Demonspawn Wanderer began the quest for the
                  | Orb.
     0 | D:1      | demibob set off with the following items: a +2 hand axe, a
                  | wand of flame (4), a potion of curing {@q1}, a +0 robe; and
                  | the following spell memorised: Shock; and the following
                  | spells available to memorise: Mephitic Cloud.
     0 | D:1      | Reached XP level 1. HP: 13/13 MP: 2/2
   132 | D:1      | Reached skill level 4 in Axes
   213 | D:1      | Gained mutation: You are partially covered in sharp spines.
                  | [demonic ancestry]
   213 | D:1      | Reached XP level 2. HP: 16/19 MP: 3/3
   648 | D:1      | Gained mutation: A meltable shield of frost defends you.
                  | (SH +4) [demonic ancestry]
   648 | D:1      | Reached XP level 3. HP: 19/24 MP: 4/4
  1506 | D:2      | Found a basalt altar of Yredelemnul.
  1600 | D:2      | Reached skill level 5 in Axes
  1821 | D:2      | Reached XP level 4. HP: 30/30 MP: 5/5
  1903 | D:2      | Noticed Sigmund
  1912 | D:2      | Killed Sigmund
  1913 | D:2      | Reached skill level 6 in Axes
  1913 | D:2      | You feel monstrous as your demonic heritage exerts itself.
  1913 | D:2      | Discovered your monstrous ancestry.
  1913 | D:2      | Gained mutation: You have sharp fingernails. [demonic
                  | ancestry]
  1913 | D:2      | Reached XP level 5. HP: 31/35 MP: 6/6
  1960 | D:2      | Quit the game

Vanquished Creatures
  Sigmund (D:2)
  2 adders (D:2)
  A worm (D:2)
  3 ball pythons
  7 bats
  8 endoplasms
  A giant cockroach (D:2)
  7 goblins
  6 hobgoblins
  A quokka (D:1)
  4 frilled lizards
  5 kobolds (D:1)
  3 rats
49 creatures vanquished.

Table legend: (Time is in decaauts)
 A = Elapsed time spent in this place.
 B = Non-inter-level travel time spent in this place.
 C = Inter-level travel time spent in this place.
 D = Time resting spent in this place.
 E = Time spent auto-exploring this place.
 F = Levels seen in this place.
 G = Mean time per level.
                   A        B        C        D        E       F      G
               +--------+--------+--------+--------+--------+-----+--------+
         Total |   1967 |   1932 |     35 |      0 |   1646 |   2 |  983.5 |
       Dungeon |   1967 |   1932 |     35 |      0 |   1646 |   2 |  983.5 |
               +--------+--------+--------+--------+--------+-----+--------+

Top non-repeatable levels by time:
     D:1: 1132 daAuts
     D:2: 834 daAuts

Table legend:
 A = Non-vault XP
 B = Vault XP
 C = Vault XP percentage of total XP
 D = Non-vault monster count
 E = Vault monster count
 F = Vault count percentage of total count
                 A         B        C        D         E       F
            +---------+---------+-------+---------+---------+-------
      Total |     105 |     235 |  69.1 |      46 |       3 |   6.1
            +---------+---------+-------+---------+---------+-------
        D:1 |      48 |       4 |   7.7 |      28 |       2 |   6.7
        D:2 |      57 |     231 |  80.2 |      18 |       1 |   5.3
            +---------+---------+-------+---------+---------+-------
